 Dungeon Crawl Stone Soup version 0.23.1 (webtiles) character file.

Game seed: 9894392339368325392

490 nikopol the Chopper (level 6, -4/56 HPs)
             Began as a Minotaur Berserker on Mar 5, 2019.
             Was a Priest of Trog.
             Slain by an ogre
             ... wielding a +0 giant club
              (19 damage)
             ... on level 3 of the Dungeon.
             The game lasted 00:05:21 (2790 turns).

nikopol the Chopper (Minotaur Berserker)            Turns: 2790, Time: 00:05:21

Health: -4/56      AC:  5    Str: 24    XL:     6   Next: 90%
Magic:  5/5        EV: 12    Int:  4    God:    Trog [***...]
Gold:   96         SH:  0    Dex: 12    Spells: 5/5 levels left

rFire    . . .     SeeInvis .   a - +1 hand axe
rCold    . . .     Gourm    .   (no shield)
rNeg     . . .     Faith    .   e - +0 ring mail (curse)
rPois    .         Spirit   .   (helmet restricted)
rElec    .         Reflect  .   (no cloak)
rCorr    .         Harm     .   (no gloves)
MR       .....                  (no boots)
Stlth    ..........             (no amulet)
HPRegen  0.18/turn              f - +3 ring of dexterity
MPRegen  0.09/turn              i - ring of attention (curse)

@: berserk cooldown, slowed, very slow
A: retaliatory headbutt, horns 2
a: Berserk, Trog's Hand, Renounce Religion


You were on level 3 of the Dungeon.
You worshipped Trog.
Trog was most pleased with you.
You were hungry.

You visited 1 branch of the dungeon, and saw 3 of its levels.

You collected 96 gold pieces.

Inventory:

Hand Weapons
 a - a +1 hand axe (weapon)
Missiles
 h - 50 arrows
 o - 25 bolts
Armour
 b - a +0 animal skin
 e - a cursed +0 ring mail (worn)
 r - a +0 scale mail
Jewellery
 f - a +3 ring of dexterity (left hand)
 i - a cursed ring of attention (right hand)
Wands
 s - a wand of random effects (15)
Scrolls
 d - a scroll of blinking
 m - a scroll of identify
 n - a scroll of amnesia {unknown}
Potions
 g - a potion of might
 j - 2 potions of agility
 k - a potion of resistance {unknown}
 l - a potion of degeneration {unknown}
 p - a potion of mutation {unknown}
Comestibles
 c - 8 rations
 q - 2 chunks of flesh


   Skills:
 + Level 5.6 Fighting
 + Level 6.8 Axes
 + Level 4.1 Armour
 + Level 3.4 Dodging
 + Level 1.0 Stealth


You had 5 spell levels left.
You didn't know any spells.
Your spell library was empty.

Dungeon Overview and Level Annotations

Branches:
Dungeon (3/15)

Altars:
Ashenzari
Ru
Wu Jian
The Shining One


Innate Abilities, Weirdness & Mutations

You reflexively headbutt those who attack you in melee.
You have a pair of horns on your head.


Message History

You kill the gnoll!
Trog accepts your kill.
You slash the gnoll!
You kill the gnoll!
Trog accepts your kill.
You are no longer berserk.
You are exhausted.
You feel yourself slow down.
You are feeling hungry.
Things that are here:
a +0 spear; a gnoll corpse You see here a +0 spear.
Things that are here:
a +0 whip; a +0 leather armour; a gnoll corpse You slash the ogre!
You headbutt the ogre!
The ogre is severely wounded.
The ogre hits you with a +0 giant club!
* * * LOW HITPOINT WARNING * * *
The ogre hits you with a +0 giant club!!
You die...

.............# #......##
##...........# #.^......
###..........# #######'#
#_##.........# #.....)..
...####......# #....)...
......##.....# #########........
...##..###...# #........).).....
_._###.._#.))####...........###'#
#####..###.)g)gO@...........###'#
....†.###.########...#######.(...
#†##### #.# #...# #..... #'# #g#
##### #..... #.#######.# #.....
#...)....g# #..... #########g#
#.....
#########g#######**********#.....
.).......gg......,,,,,,,,,,..P...


You could see an ogre and 2 gnolls.

Vanquished Creatures
  An ogre (D:3)
  An orc priest (D:3)
  A gnoll shaman (D:3)
  Natasha (thrice) (D:2)
  14 gnolls (D:3)
  2 adders
  An ooze (D:1)
  3 worms
  A dart slug (D:1)
  A leopard gecko (D:3)
  5 orcs (D:3)
  5 giant cockroaches
  10 goblins
  10 hobgoblins
  18 jackals (D:3)
  5 kobolds
  A quokka (D:2)
  9 bats
  4 frilled lizards
  11 rats
106 creatures vanquished.

Notes
Turn   | Place    | Note
-------+----------+-------------------------------------------
     0 | D:1      | nikopol the Minotaur Berserker began the quest for the Orb.
     0 | D:1      | Reached XP level 1. HP: 19/19 MP: 0/0
   240 | D:1      | Reached XP level 2. HP: 27/27 MP: 1/1
   557 | D:1      | Reached skill level 4 in Axes
   821 | D:2      | Reached XP level 3. HP: 34/34 MP: 2/2
   851 | D:2      | Noticed Natasha
   855 | D:2      | Killed Natasha
  1067 | D:2      | Reached XP level 4. HP: 32/41 MP: 3/3
  1085 | D:2      | Reached ** piety under Trog
  1103 | D:2      | Noticed Natasha
  1109 | D:2      | Killed Natasha
  1160 | D:2      | Reached skill level 5 in Axes
  1437 | D:2      | Noticed Natasha
  1443 | D:2      | Killed Natasha
  1443 | D:2      | Reached skill level 5 in Fighting
  1747 | D:3      | Reached XP level 5. HP: 45/48 MP: 4/4
  1845 | D:3      | Noticed an ogre
  2117 | D:3      | Found a sacrificial altar of Ru.
  2121 | D:3      | Killed an ogre
  2121 | D:3      | Reached skill level 6 in Axes
  2143 | D:3      | Reached XP level 6. HP: 48/56 MP: 5/5
  2407 | D:3      | Reached *** piety under Trog
  2681 | D:3      | Found a glowing golden altar of the Shining One.
  2681 | D:3      | Found a faded altar of an unknown god.
  2693 | D:3      | Found a faded altar of an unknown god.
  2696 | D:3      | Found a shattered altar of Ashenzari.
  2698 | D:3      | Found an ornate altar of the Wu Jian Council.
  2776 | D:3      | Reached skill level 1 in Stealth
  2790 | D:3      | Slain by an ogre

Skill      XL: |  1  2  3  4  5  6 |
---------------+-------------------+-----
Fighting       | 4 5 |  5.6
Axes           | 4 5 6 |  6.8
Armour         | 3 4 |  4.1
Dodging        | 3 |  3.4
Stealth        | 1 |  1.0

Action                   |  1- 3 |  4- 6 || total
-------------------------+-------+-------++-------
Melee: Hand axe          |    52 |   157 ||   209
       Headbutt          |     4 |    25 ||    29
Invok: Berserk           |       |     3 ||     3
  Use: Scroll            |     3 |     3 ||     6
 Stab: Sleeping          |     1 |       ||     1
  Eat: Chunk             |       |     8 ||     8
Armor: Animal skin       |     3 |       ||     3
       Ring mail         |     4 |    53 ||    57
Dodge: Dodged            |    34 |    77 ||   111
